 Dungeon Crawl Stone Soup version 0.26.1-11-gd32895ea62 (webtiles) character file.

Game seed: 16510877409845287625

312 Descartes the Ducker (level 6, 0/28 HPs)
             Began as a Felid Chaos Knight on May 29, 2021.
             Was a Plaything of Xom.
             Killed by divine providence
             ... invoked by an orc priest
              (15 damage)
             ... on level 3 of the Dungeon.
             The game lasted 00:08:47 (4216 turns).

Descartes the Ducker (Felid Chaos Knight)           Turns: 4216, Time: 00:08:47

Health: 0/28       AC:  2    Str: 10    XL:     6   Next: 18%
Magic:  7/7        EV: 22    Int: 13    God:    Xom [.....*]
Gold:   93         SH:  0    Dex: 16    Spells: 5/5 levels left
                                        Lives:  0   Deaths: 1

rFire    . . .     SeeInvis +     - Unarmed
rCold    . . .     Faith    .   (shield unavailable)
rNeg     . . .     Spirit   .   (armour unavailable)
rPois    .         Reflect  .   (helmet unavailable)
rElec    .         Harm     .   (cloak unavailable)
rCorr    +         Rampage  .   (gloves unavailable)
Will     .....                  (boots unavailable)
Stlth    ++++......             (no amulet)
HPRegen  0.09/turn              b - ring of resist corrosion
MPRegen  0.10/turn              (no ring)

@: quick
A: very small, no armour, no weapons or thrown items, stealth, claws 1, fangs 3,
see invisible, speed 1, shaggy fur 2, sharp paws
a: Renounce Religion


You were on level 3 of the Dungeon.
You worshipped Xom.
You were Xom's teddy bear.
You visited 1 branch of the dungeon, and saw 4 of its levels.

You collected 93 gold pieces.

Inventory:

Jewellery
 b - a ring of resist corrosion (left paw)
Scrolls
 a - 3 scrolls of remove curse
 d - 3 scrolls of teleportation
 i - a scroll of fear
Potions
 c - 6 potions of lignification


   Skills:
 - Level 3.0 Fighting
 + Level 6.2 Dodging
 + Level 5.6 Stealth
 + Level 5.0 Unarmed Combat


You had 5 spell levels left.
You didn't know any spells.
Your spell library was empty.

Dungeon Overview and Level Annotations

Branches:
Dungeon (4/15)
 Temple: D:4-7

Altars:
Wu Jian

Annotations:
D:2 mahan's ghost, amateur HOBe


Innate Abilities, Weirdness & Mutations

You cannot wear armour.
You are incapable of wielding weapons or throwing items.
Your paws allow you to move quietly. (Stealth)
You have sharp claws.
You have razor-sharp teeth.
You have supernaturally acute eyesight. (SInv)
You cover ground quickly.
You are covered in thick fur. (AC +2)
Your sharp claws are effective at attacking unaware monsters.


Message History

The orc wizard blinks!
The orc priest misses you.
You climb upwards.
There is a stone staircase leading down here.
Things that are here:
22 stones; a scroll labelled NURENLO QUME {god gift} You barely miss the orc priest.
The orc priest closely misses you.
You barely miss the orc priest. Your bite misses the orc priest.
You barely miss the orc priest. The orc priest completely misses you.
You scratch the orc priest.
The orc priest is moderately wounded.
The orc priest looks braver for a moment.
You scratch the orc priest.
The orc priest is heavily wounded.
The orc priest barely misses you.
You scratch the orc priest.
The orc priest is heavily wounded.
The orc priest mumbles some strange prayers to Beogh against you.
Beogh smites you!
Ouch! That really hurt!
You die...

###.###### ##+#######..##.#
#........# #...# ##.[.##.#
#.#.####.# ##+.## #.......#
#.#...##.# ##...## ##...####
#.###.##.# ##.....## ##..# #.#
#..#.# ##.......## #..####
#.###....###.........####......
#..........+..(.....(..........
#####...####.o@.......##(......
#....## ##.......#.##...#.##
#.#### ##.....##.##..##.# #.#
##...###.##.....# #.# ##+##
#.##.###.# #.# #.# #.##.# #.#
#.# #.# #.##.###.## #.#
########.## #.......... #.#
#.........##########.##


You could see an orc priest.

Vanquished Creatures
  Sigmund (D:3)
  An orc priest (D:3)
  2 orc wizards (D:3)
  Jessica (D:2)
  Natasha (twice) (D:2)
  4 gnolls (D:2)
  An adder (D:3)
  A white imp (D:3)
  An ooze (D:3)
  6 orcs (D:3)
  8 giant cockroaches
  8 goblins
  11 hobgoblins
  4 jackals (D:3)
  6 kobolds
  2 quokkas
  A ball python (D:1)
  11 bats
  A frilled lizard (D:1)
  4 rats
76 creatures vanquished.

Vanquished Creatures (collateral kills)
  A worm (D:2)
1 creature vanquished.

Grand Total: 77 creatures vanquished

Notes
Turn   | Place    | Note
-------+----------+-------------------------------------------
     0 | D:1      | Descartes the Felid Chaos Knight began the quest for the
                  | Orb.
     0 | D:1      | Reached XP level 1. HP: 10/10 MP: 2/2
   295 | D:1      | Reached skill level 1 in Stealth
   364 | D:1      | XOM: silly message
   391 | D:1      | Reached XP level 2. HP: 12/14 MP: 3/3
   948 | D:2      | Noticed Natasha
   952 | D:2      | Killed Natasha
   953 | D:2      | Reached skill level 4 in Dodging
   953 | D:2      | Reached XP level 3. HP: 17/17 MP: 4/4
  1220 | D:2      | Noticed Natasha
  1323 | D:2      | Reached XP level 4. HP: 21/21 MP: 5/5
  1389 | D:2      | XOM is BORED!
  1389 | D:2      | XOM: summons 3 hostile demons
  1481 | D:1      | XOM: stat loss: -1 Int (12/13)
  1791 | D:2      | Noticed Jessica
  1801 | D:2      | Killed Jessica
  1809 | D:2      | XOM: god gift: embroidered scarf {god gift}
  1897 | D:2      | XOM: god gift: scroll labelled EHENLI BOHU {god gift}
  1949 | D:2      | Killed Natasha
  1950 | D:2      | Reached XP level 5. HP: 12/24 MP: 6/6
  2170 | D:2      | XOM: cast spell 'Call Canine Familiar'
  2254 | D:2      | Reached skill level 5 in Dodging
  2404 | D:3      | XOM: god gift: bardiche {god gift}
  2455 | D:3      | Found an ornate altar of the Wu Jian Council.
  2991 | D:3      | XOM: enchant monster (good)
  3199 | D:3      | Gained mutation: You are covered in thick fur. (AC +2)
                  | [Felid growth]
  3199 | D:3      | Reached XP level 6. HP: 28/28 MP: 7/7
  3217 | D:3      | Noticed Sigmund
  3228 | D:3      | Found a runed translucent door.
  3228 | D:3      | XOM: enchant monster (good)
  3234 | D:3      | XOM: scenery: 2 doors open
  3237 | D:3      | XOM: butterfly on damage
  3253 | D:3      | XOM: cleaving
  3265 | D:3      | Killed from afar by Sigmund
  3266 | D:3      | Reached XP level 5. HP: -1/24 MP: 6/6
  3496 | D:3      | Killed Sigmund
  3497 | D:3      | Reached skill level 6 in Dodging
  3497 | D:3      | Reached skill level 5 in Stealth
  3497 | D:3      | Reached skill level 5 in Unarmed Combat
  3497 | D:3      | Reached XP level 6. HP: 28/28 MP: 7/7
  3644 | D:3      | Noticed mahan's ghost (amateur HOBe)
  3648 | D:3      | XOM: butterfly on damage
  3663 | D:3      | XOM: scenery: 4 doors close
  3685 | D:3      | XOM: cleaving
  3692 | D:3      | XOM: summons 6 friendly demons
  3715 | D:2      | XOM: cleaving
  3719 | D:2      | XOM: summons friendly quasit
  3724 | D:2      | XOM: enchant monster (good)
  4068 | D:4      | XOM: divination: magic mapping
  4122 | D:3      | XOM: god gift: scroll labelled NURENLO QUME {god gift}
  4206 | D:3      | XOM: god gift: 22 stones
  4216 | D:3      | Killed from afar by an orc priest

Illustrated notes

Levels and vault maps discovered:
D:1:      minmay_arrival_nine_rooms, layout_rooms, serial_forest,
          infiniplex_forest_clump_double, infiniplex_forest_clump_long,
          infiniplex_forest_zigzag_1, infiniplex_forest_zigzag_1,
          infiniplex_forest_join, minmay_pentomino_o4
D:2:      layout_basic, st_stairs_6, uniq_natasha, uniq_jessica
D:3:      layout_loops_corners, pdpol_wu_jian_five_deadly_venoms,
          ebering_ghost_reflecting_pool, serial_park_tiny_pond, uniq_sigmund
D:4:      layout_loops_cross

Skill      XL: |  1  2  3  4  5 |
---------------+----------------+-----
Stealth        | 1 2 3 5 |  5.6
Dodging        | 4 6 |  6.2
Unarmed Combat | 4 5 |  5.0
Fighting       | |  3.0

Action                   |  1- 3 |  4- 6 || total
-------------------------+-------+-------++-------
Melee: Unarmed           |    84 |   132 ||   216
       Bite              |     9 |    16 ||    25
       Punch             |     1 |       ||     1
  Use: Scroll            |       |     8 ||     8
       Potion            |       |     3 ||     3
 Stab: Sleeping          |     5 |    14 ||    19
       Distracted        |       |     1 ||     1
Armor: Skin              |     6 |     2 ||     8
Dodge: Dodged            |    62 |    99 ||   161
